 Dungeon Crawl Stone Soup version 0.18.1-50-g88ac8fd (webtiles) character file.

171 go0n the Cudgeler (level 5, 0/53 HPs)
             Began as a Troll Berserker on Sept 15, 2016.
             Was a Priest of Trog.
             Killed from afar by an orc wizard (5 damage)
             ... with a puff of flame
             ... on level 4 of the Dungeon.
             The game lasted 00:14:56 (2099 turns).

go0n the Cudgeler (Troll Berserker)                 Turns: 2099, Time: 00:14:57

Health: 0/53       AC:  5    Str: 26    XL:     5   Next: 26%
Magic:  4/4        EV: 10    Int:  1    God:    Trog [***...]
Gold:   163        SH:  0    Dex: 14    Spells: 0 memorised, 4 levels left

rFire  . . .     SeeInvis .     o - +0 flail
rCold  . . .     Gourm    +     b - +0 animal skin
rNeg   . . .     Faith    .     (no shield)
rPois  .         Spirit   .     (helmet restricted)
rElec  .         Dismiss  .     t - +0 cloak
rCorr  .         Reflect  .     (gloves unavailable)
SustAt .         Harm     .     (boots unavailable)
MR     ++...                    (no amulet)
Stlth  +.........               (no ring)
                                n - +5 ring of dexterity

@: exhausted, regenerating, slowed, very slow, very resistant to hostile
enchantments, very unstealthy
A: unfitting armour, claws 3, deformed body, dopey 1, fast metabolism 3,
gourmand, regeneration 2, shaggy fur 1, tough skin 2, evolution 1
a: Berserk, Trog's Hand, Burn Spellbooks, Renounce Religion


You were on level 4 of the Dungeon.
You worshipped Trog.
Trog was most pleased with you.
You were not hungry.

You visited 1 branch of the dungeon, and saw 4 of its levels.

You collected 163 gold pieces.

Inventory:

Hand Weapons
 a - a +0 mace
 o - a +0 flail (weapon)
 s - a +4 quarterstaff of chaos
Missiles
 i - 14 poisoned needles
 r - 8 needles of sleeping
Armour
 b - a +0 animal skin (worn)
 t - a +0 cloak (worn)
Jewellery
 n - a +5 ring of dexterity (left claw)
Scrolls
 e - 4 scrolls of identify
 f - 2 scrolls of random uselessness {unknown}
 j - a scroll of magic mapping {unknown}
 l - a scroll of enchant weapon {unknown}
 p - a scroll of remove curse {unknown}
Potions
 g - a potion of cancellation
 m - 3 potions of brilliance {unknown}
 q - a potion of degeneration {unknown}
Comestibles
 c - 3 bread rations
 d - 4 fruits


   Skills:
 + Level 3.6 Fighting
 + Level 4.4 Maces & Flails
 - Level 2.4 Dodging
 + Level 0.3 Stealth


You had 4 spell levels left.
You didn't know any spells.

Dungeon Overview and Level Annotations

Branches:
Dungeon (4/15)
 Temple: D:4-7

Altars:
Xom


Innate Abilities, Weirdness & Mutations

You are too large for most types of armour.
You have claws for hands.
Your metabolism is lightning-fast.
You like to eat raw meat.
You heal very quickly.
You are covered in fur (AC +1).
You have very tough skin (AC +2).
Armour fits poorly on your strangely shaped body.
You are dopey. (Int -2)
You evolve.


Message History

You feel yourself moving faster!
You feel mighty!
A magic dart appears from out of thin air!
The magic dart hits you!
* * * LOW HITPOINT WARNING * * *
You are too berserk!
Unknown command.
You are too berserk!
You feel a strong urge to attack something.
You feel your anger subside.
You hear some strange, mumbled words.
A puff of flame appears from out of thin air!
The puff of flame hits you!
* * * LOW HITPOINT WARNING * * *
You are no longer berserk.
You are exhausted.
You feel yourself slow down. Something hits you but does no damage.
You hear some strange, mumbled words.
A puff of flame appears from out of thin air!
The puff of flame hits you!
You die...

##### #...# #.#.#
#
#######.#.###.####
.......@..........
#######.#<........
#.#)####....
#.#....+ ..
#.....## #.....#
#.....# #.....#
#.#+###


There were no monsters in sight!

Vanquished Creatures
  Crazy Yiuf (D:3)
  Terence (D:2)
  A hound skeleton (D:2)
  A worker ant zombie (D:2)
  2 adders (D:3)
  An ooze (D:2)
  An adder zombie (D:2)
  A worm (D:3)
  3 dart slugs
  A giant gecko (D:2)
  2 orcs (D:4)
  A ball python (D:1)
  7 bats
  A bat skeleton (D:2)
  5 giant cockroaches
  6 hobgoblins
  2 jackals (D:3)
  7 kobolds
  A quokka (D:2)
  A giant cockroach zombie (D:2)
  A giant gecko zombie (D:2)
  5 giant newts
  5 goblins
  A jackal skeleton (D:2)
  6 rats
64 creatures vanquished.

Notes
Turn   | Place    | Note
--------------------------------------------------------------
     0 | D:1      | go0n the Troll Berserker began the quest for the Orb.
     0 | D:1      | Reached XP level 1. HP: 22/22 MP: 0/0
   114 | D:1      | Found a shimmering altar of Xom.
   118 | D:1      | Reached skill level 3 in Maces & Flails
   157 | D:1      | Reached XP level 2. HP: 18/29 MP: 1/1
   384 | D:1      | Reached ** piety under Trog
   674 | D:1      | Reached XP level 3. HP: 34/36 MP: 2/2
  1128 | D:2      | Paralysed by fainting for 12 turns
  1141 | D:2      | Reached XP level 4. HP: 28/45 MP: 3/3
  1192 | D:2      | Noticed Terence
  1198 | D:2      | Killed Terence
  1198 | D:2      | Reached skill level 4 in Maces & Flails
  1665 | D:3      | Reached *** piety under Trog
  1799 | D:3      | Found a faded altar to an unknown god.
  1848 | D:3      | Noticed Crazy Yiuf
  1862 | D:3      | Killed Crazy Yiuf
  1862 | D:3      | Reached XP level 5. HP: 50/53 MP: 4/4
  2091 | D:4      | HP: 2/53 [something/puff of frost (8)]
  2093 | D:4      | Gained mutation: You are dopey. (Int -2) [potion of mutation]
  2093 | D:4      | Gained mutation: Armour fits poorly on your strangely shaped body. [potion of mutation]
  2093 | D:4      | Gained mutation: You evolve. [potion of mutation]
  2097 | D:4      | HP: 2/79 [something/puff of flame (6)]
  2099 | D:4      | Killed from afar by an orc wizard

Skill      XL: |  1  2  3  4 |
---------------+-------------+-----
Maces & Flails | 3 4 |  4.4
Fighting       | 3 |  3.6
Dodging        | |  2.4
Stealth        | |  0.3

Action                   |  1- 3 |  4- 6 || total
-------------------------+-------+-------++-------
Melee: Mace              |   139 |    13 ||   152
       Flail             |       |    56 ||    56
Invok: Trog's Hand       |       |     1 ||     1
  Use: Scroll            |       |     1 ||     1
       Potion            |       |     3 ||     3
 Stab: Sleeping          |       |     1 ||     1
  Eat: Chunk             |     5 |     3 ||     8
       Pizza             |     1 |       ||     1
       Meat ration       |       |     2 ||     2
Armor: Animal skin       |    78 |    27 ||   105
Dodge: Dodged            |    94 |    39 ||   133
